 Dungeon Crawl Stone Soup version 0.26.1-2-gb8aa6d0cf2 (webtiles) character file.

Game seed: 10574712257479120972

116 libidonplus the Cudgeller (level 4, -1/42 HPs)
             Began as a Palentonga Abyssal Knight on Mar 20, 2021.
             Was a Believer of Lugonu.
             Succumbed to an orc wizard's poison
             ... on level 2 of the Dungeon.
             The game lasted 00:07:30 (2465 turns).

libidonplus the Cudgeller (PaAK)                    Turns: 2465, Time: 00:07:30

Health: -1/42      AC: 12    Str: 16    XL:     4   Next: 69%
Magic:  5/5        EV:  4    Int: 13    God:    Lugonu [**....]
Gold:   117        SH:  0    Dex:  9    Spells: 3/3 levels left

rFire    . . .     SeeInvis +   a - +1 mace
rCold    . . .     Faith    .   (no shield)
rNeg     . . .     Spirit   .   u - +0 chain mail
rPois    .         Reflect  .   (no helmet)
rElec    .         Harm     .   v - +0 cloak (curse)
rCorr    .         Rampage  .   w - +2 pair of gloves
Will     .....                  (no barding)
Stlth    ..........             (no amulet)
HPRegen  0.14/turn              (no ring)
MPRegen  0.09/turn              (no ring)

@: lethally poisoned (-1 -> -35)
A: large, rugged brown scales 3, see invisible, deformed body, roll 1, armoured
tail
a: Rolling Charge, Renounce Religion, Depart the Abyss, Bend Space


You were on level 2 of the Dungeon.
You worshipped Lugonu.
Lugonu was pleased with you.
You visited 1 branch of the dungeon, and saw 3 of its levels.
You visited the Abyss 1 time.

You collected 117 gold pieces.

Inventory:

Hand Weapons
 a - a +1 mace (weapon)
 b - a +2 dagger of freezing
Missiles
 c - 5 silver boomerangs
 h - 34 stones
 q - 11 poisoned darts
Armour
 f - a +1 pair of gloves
 u - a +0 chain mail (worn)
 v - a cursed +0 cloak (worn)
 w - a +2 pair of gloves (worn)
 y - a +0 leather armour
Scrolls
 d - 2 scrolls of teleportation {unknown}
 e - 8 scrolls of identify {unknown}
 g - 2 scrolls of amnesia {unknown}
 j - a scroll of random uselessness {unknown}
 k - a scroll of remove curse {unknown}
 p - a scroll of blinking {unknown}
 t - a scroll of magic mapping {unknown}
 x - a scroll of enchant weapon {unknown}
Potions
 i - 2 potions of lignification {unknown}
 l - 2 potions of degeneration {unknown}
 m - a potion of attraction {unknown}
 n - a potion of curing {unknown}
 o - a potion of might {unknown}
 r - a potion of brilliance {unknown}
 s - a potion of flight {unknown}
 z - a potion of cancellation {unknown}


   Skills:
 + Level 3.7 Fighting
 * Level 3.7 Maces & Flails
 + Level 2.4 Armour
 - Level 0.7 Dodging
 - Level 2.0 Invocations


You had 3 spell levels left.
You didn't know any spells.
Your spell library was empty.

Dungeon Overview and Level Annotations

Branches:
Dungeon (3/15)

Altars:


Innate Abilities, Weirdness & Mutations

You are completely covered in rugged brown scales. (AC +3, +7% HP)
You have supernaturally acute eyesight. (SInv)
Armour fits poorly on your strangely shaped body.
You can roll at nearby foes to attack.
You have a long armoured tail.


Message History

* * * LOW HITPOINT WARNING * * *
You feel sick.
The orc wizard hits you but does no damage.
You are more poisoned.
The orc wizard points at you and mumbles some strange words.
The puff of frost hits you but does no damage.
You closely miss the orc wizard.
The orc wizard is heavily wounded.
* * * LOW HITPOINT WARNING * * *
You feel very sick. The orc hits you but does no damage.
The orc wizard hits you but does no damage.
You are more poisoned.
The orc hits you.
* * * LOW HITPOINT WARNING * * *
The orc wizard miscasts a cantrip.
You hit the orc wizard but do no damage.
You tail-slap the orc wizard.
The orc wizard is severely wounded.
You die...

...# #.#.##..#.#.###.....#. ...#
#.#.##..#.#.#.......#. ...#
##.#.......#.........#. .###
#...########.........#. .#
####...########........##. .#
#...[..................##. .#
#......########........##.
.#######......########........##.
..............oo@................
########...)..#o##..........#..#.
# #......#.#................ #
#......#.#...........##.##
###......#.............##..# #
#........###.###'#########.# #
#.######## #.# #.# #.# # #.#
###'###.## #.# # #.# #........#
#..


You could see an orc wizard (fast) and 2 orcs.

Vanquished Creatures
  An orc wizard (D:2)
  Jessica (D:2)
  2 adders (D:2)
  A worm (D:2)
  3 leopard geckos
  An orc (D:3)
  A giant cockroach (D:1)
  8 goblins
  5 hobgoblins
  A quokka (D:2)
  A ball python (D:2)
  4 bats
  2 frilled lizards
  6 kobolds
  4 rats
41 creatures vanquished.

Notes
Turn   | Place    | Note
-------+----------+-------------------------------------------
     0 | Abyss:1  | libidonplus the Palentonga Abyssal Knight began the quest
                  | for the Orb.
     0 | Abyss:1  | Reached XP level 1. HP: 20/20 MP: 2/2
    58 | Abyss:1  | Noticed a ynoxinul
    62 | Abyss:1  | Noticed a quasit
   100 | Abyss:2  | Noticed a tentacled starspawn
   101 | D:1      | Escaped the Abyss
   294 | D:1      | Reached * piety under Lugonu
   339 | D:1      | Reached XP level 2. HP: 22/27 MP: 3/3
  1208 | D:2      | Reached XP level 3. HP: 33/33 MP: 4/4
  1381 | D:2      | Noticed Jessica
  1388 | D:2      | Killed Jessica
  1389 | D:2      | Reached XP level 4. HP: 30/41 MP: 5/5
  2323 | D:3      | Reached ** piety under Lugonu
  2464 | D:2      | HP: 2/42 [orc (4)]
  2465 | D:2      | Succumbed to an orc wizard's poison

Illustrated notes

Levels and vault maps discovered:
D:1:      psy_arrival_fountain, layout_rooms, minmay_3d_cube
D:2:      minmay_inner_zag, layout_basic, serial_glass, glass_columns_b,
          glass_columns_b, uniq_jessica
D:3:      layout_basic, okawaru_altar_gauntlet_db

Skill      XL: |  1  2  3 |
---------------+----------+-----
Armour         | 2 |  2.4
Maces & Flails | 3 |  3.7
Fighting       | |  3.7
Dodging        | |  0.7
Invocations    | |  2.0

Action                   |  1- 3 |  4- 6 || total
-------------------------+-------+-------++-------
Melee: Mace              |    89 |    47 ||   136
       Tailslap          |     5 |     5 ||    10
Invok: Depart the Abyss  |     1 |       ||     1
 Abil: Rolling Charge    |    16 |     8 ||    24
Armor: Leather armour    |    21 |       ||    21
       Chain mail        |    21 |    54 ||    75
Dodge: Dodged            |    26 |    17 ||    43
